 Dungeon Crawl Stone Soup version 0.19.0-19-g8c6edcc (webtiles) character file.

116 CuckStumper1488 the Charmwright (level 4, -7/31 HPs)
             Began as a High Elf Skald on Nov 13, 2016.
             Mangled by Menkaure (12 damage)
             ... on level 4 of the Dungeon.
             The game lasted 00:09:59 (3293 turns).

CuckStumper1488 the Charmwright (High Elf Skald)    Turns: 3293, Time: 00:10:00

Health: -7/31      AC:  5    Str: 11    XL:     4   Next: 70%
Magic:  7/9        EV: 19    Int: 17    God:
Gold:   209        SH:  0    Dex: 19    Spells: 3 memorised, 1 level left

rFire  . . .     SeeInvis .     a - +0 falchion
rCold  . . .     Gourm    .     b - +0 leather armour
rNeg   . . .     Faith    .     (no shield)
rPois  .         Spirit   .     j - +0 helmet
rElec  .         Reflect  .     (no cloak)
rCorr  .         Harm     .     (no gloves)
MR     .....                    l - +0 pair of boots
Stlth  ++++......               (no amulet)
                                q - ring of stealth
                                n - +2 ring of evasion

@: agile, flying
A: no striking features
a: no special abilities


You were on level 4 of the Dungeon.
You were not hungry.

You visited 1 branch of the dungeon, and saw 4 of its levels.

You collected 209 gold pieces.

Inventory:

Hand Weapons
 a - a +0 falchion (weapon)
Missiles
 o - 49 arrows
 x - 35 poisoned needles
Armour
 b - a +0 leather armour (worn)
 j - a +0 helmet (worn)
 l - a +0 pair of boots (worn)
Jewellery
 n - a +2 ring of evasion (left hand)
 q - a ring of stealth (right hand)
Wands
 y - a wand of enslavement (9/24)
Scrolls
 i - a scroll of random uselessness
 k - 4 scrolls of identify
 w - 4 scrolls of teleportation {unknown}
 A - a scroll of enchant weapon {unknown}
 C - 2 scrolls of recharging {unknown}
Potions
 e - 2 potions of curing {unknown}
 f - 2 potions of flight
 m - a potion of magic {unknown}
 r - a potion of heal wounds {unknown}
 s - a potion of cancellation {unknown}
 t - a potion of lignification {unknown}
 B - a potion of might {unknown}
Books
 c - a book of Battle

   Spells                             Type                      Level
   a - Infusion                       Charms                       1
   b - Shroud of Golubria             Charms/Translocation         2
   c - Song of Slaying                Charms                       2
   d - Spectral Weapon                Hexes/Charms                 3
   e - Regeneration                   Charms/Necromancy            3
 p - a book of Misfortune

   Spells                             Type                      Level
   a - Confusing Touch                Hexes                        1
   b - Confuse                        Hexes                        3
   c - Gell's Gravitas                Hexes/Translocation          3
   d - Petrify                        Transmutation/Earth          4
   e - Metabolic Englaciation         Hexes/Ice                    5
   f - Yara's Violent Unravelling     Hexes/Transmutation          5
Comestibles
 d - 2 bread rations
 g - 2 meat rations
 u - a royal jelly
 v - 5 fruits


   Skills:
 * Level 3.1 Fighting
 * Level 3.7 Long Blades
 - Level 0.8 Armour
 * Level 2.1 Dodging
 + Level 0.8 Stealth
 + Level 2.8 Spellcasting
 * Level 4.2 Charms


You had one spell level left.
You knew the following spells:

 Your Spells              Type           Power        Failure   Level  Hunger
a - Infusion              Chrm           ###.         6%          1    #......
b - Regeneration          Chrm/Necr      #.........   34%         3    ###....
c - Spectral Weapon       Hex/Chrm       #.......     34%         3    ###....


Dungeon Overview and Level Annotations

Branches:
Dungeon (4/15)
 Temple: D:4-7

Altars:

Annotations:
D:4 Menkaure, Robin


Message History

You enter the shallow water.
Moving in this stuff is going to be slow.
Things that are here:
a rat corpse; an adder corpse Menkaure rustles in an indecipherable tongue.
Menkaure misses you.
Your magical infusion is running out.
Menkaure splashes around in the water.
Menkaure blazes with dark energy!
You are no longer magically infusing your attacks.
It was a potion of flight.
You feel very buoyant.
You fly up into the air.
You hear the brisk rusting of a drain.
Menkaure hits you!
* * * LOW HITPOINT WARNING * * *
It was a potion of agility.
You feel agile all of a sudden. Menkaure hits you!
You die...

*########.g###≈.≈≈≈.M.#.)........
,......†...##.########.......###.
.#########.##≈#*≈≈≈≈≈##......###.
..########.##.#≈*****,#...<......
...........##†#≈*∩≈**≈#...##.##..
#.#######..##≈#≈***≈*≈##.###.##.#
#.# ###..##≈#≈≈≈≈**≈*#.# #.##o#
#.## ##....##≈#######.##.# #.##.#
#..###....####≈M@≈≈≈≈#*#.# #.##.#
#......#..# ######### #.# #.##..
#..###...## #.# #.##.M #..####.##
*,* *,*##. ..#.###g# *,***,**##
.###.##.# *** *,,....... #*
##.#.########,** ***##..... *
##...(g.ggg.*,*********#.MM## **
*#.########g#**,,,,,,,,.....*#


You could see Menkaure.

Vanquished Creatures
  3 adders
  An ooze (D:1)
  A worm (D:2)
  A dart slug (D:1)
  2 leopard geckos
  2 orcs (D:3)
  3 giant cockroaches
  10 goblins
  10 hobgoblins
  10 jackals
  A quokka (D:3)
  2 ball pythons
  5 bats
  5 frilled lizards
  8 kobolds
  10 rats
74 creatures vanquished.

Vanquished Creatures (others)
  An orc (D:4)
1 creature vanquished.

Grand Total: 75 creatures vanquished

Notes
Turn   | Place    | Note
-------+----------+-------------------------------------------
     0 | D:1      | CuckStumper1488 the High Elf Skald began the quest for the Orb.
     0 | D:1      | Reached XP level 1. HP: 14/14 MP: 4/4
   444 | D:1      | Reached XP level 2. HP: 6/19 MP: 1/6
  1219 | D:1      | Reached XP level 3. HP: 23/25 MP: 3/7
  1605 | D:2      | Learned a level 3 spell: Regeneration
  1609 | D:2      | Learned a level 3 spell: Spectral Weapon
  1689 | D:2      | Reached skill level 4 in Charms
  1773 | D:2      | Reached XP level 4. HP: 28/30 MP: 4/8
  2941 | D:4      | Noticed Robin
  3035 | D:4      | Noticed Menkaure
  3293 | D:4      | Mangled by Menkaure

Skill      XL: |  1  2  3  4 |
---------------+-------------+-----
Long Blades    | 3 |  3.7
Charms         | 4 |  4.2
Dodging        | 2 |  2.1
Fighting       | 3 |  3.1
Armour         | |  0.8
Stealth        | |  0.8
Spellcasting   | |  2.8

Action                   |  1- 3 |  4- 6 || total
-------------------------+-------+-------++-------
Melee: Falchion          |   113 |    65 ||   178
 Cast: Infusion          |    11 |     1 ||    12
       Spectral Weapon   |     3 |     8 ||    11
Evoke: Wand              |       |     2 ||     2
  Use: Scroll            |       |     4 ||     4
       Potion            |       |     2 ||     2
 Stab: Distracted        |     1 |       ||     1
       Sleeping          |       |     3 ||     3
  Eat: Chunk             |     3 |     6 ||     9
Armor: Leather armour    |    32 |    20 ||    52
Dodge: Dodged            |    91 |    73 ||   164
       Rpst.: Falchion   |    27 |    19 ||    46
